 Dungeon Crawl Stone Soup version 0.27.1-4-g1640c2035a (webtiles) character file.

Game seed: 18427573180390605305

114 zeram the Sneak (level 5, -1/27 (28) HPs)
             Began as a Kobold Enchanter on Nov 16, 2021.
             Slain by an adder (4 damage)
             ... on level 3 of the Dungeon.
             The game lasted 00:03:33 (2525 turns).

zeram the Sneak (Kobold Enchanter)                  Turns: 2525, Time: 00:03:34

HP:   -1/27 (28)    AC:  3    Str:  6    XL:     5   Next: 18%
MP:   2/9           EV: 15    Int: 17    God:
Gold: 59            SH:  0    Dex: 15    Spells: 6/9 levels left

rFire    . . .     SeeInvis .   a - +1 dagger
rCold    . . .     Faith    .   (shield restricted)
rNeg     . . .     Spirit   .   b - +1 robe
rPois    .         Reflect  .   (no helmet)
rElec    .         Harm     .   (no cloak)
rCorr    .         Rampage  .   (no gloves)
Will     .....                  (no boots)
Stlth    ++++......             (no amulet)
HPRegen  0.09/turn              (no ring)
MPRegen  0.11/turn              (no ring)

@: brilliant, weak-willed, lightly drained
A: small, no large weapons, nightstalker 3
a: no special abilities


You were on level 3 of the Dungeon.
You visited 1 branch of the dungeon, and saw 3 of its levels.

You collected 59 gold pieces.

Inventory:

Hand Weapons
 a - a +1 dagger (weapon)
Armour
 b - a +1 robe (worn)


   Skills:
 - Level 1.3 Short Blades
 + Level 3.1 Dodging
 + Level 6.5 Stealth
 + Level 2.8 Spellcasting
 - Level 3.0 Hexes
 + Level 0.8 Ice Magic


You had 6 spell levels left.
You knew the following spells:

 Your Spells              Type           Power      Damage    Failure   Level
a - Corona                Hex            20%        N/A       5%          1
b - Ensorcelled Hibernat  Hex/Ice        26%        N/A       12%         2

Your spell library contained the following spells:

 Spells                   Type           Power      Damage    Failure   Level
 Confusing Touch          Hex            18%        N/A       16%         3
 Tukima's Dance           Hex            18%        N/A       16%         3
 Dazzling Flash           Conj/Hex       22%        N/A       28%         3


Dungeon Overview and Level Annotations

Branches:
Dungeon (3/15)

Altars:


Innate Abilities, Weirdness & Mutations

You are small and have problems with some larger weapons.
You are completely attuned to the shadows.


Message History

You don't have enough magic to cast this spell.
Unknown command.
Casting: Ensorcelled Hibernation (safe; 12% risk of failure)
Confirm with . or Enter, or press ? or * to list all spells.
You don't have enough magic to cast this spell.
You hit the adder.
The adder is moderately wounded.
The adder bites you.
It was a potion of brilliance.
You feel clever all of a sudden. The adder completely misses you.
As you read the scroll labelled KAUGO ASTAEFAN, it crumbles to dust.
Magic quickly surges around you.
It was a scroll of vulnerability.
The adder bites you but does no damage.
You closely miss the adder.
The adder is moderately wounded.
The adder closely misses you. x2
You barely miss the adder.
The adder is moderately wounded.
The adder misses you.
You miss the adder.
The adder is moderately wounded.
The adder bites you.
You are poisoned.
The adder poisons you!
You hit the adder.
The adder is severely wounded.
You feel sick. The adder bites you.
* * * LOW HITPOINT WARNING * * *
You aren't carrying any potions.
Unknown command.
You aren't carrying any scrolls.
Unknown command.
You feel sick. The adder misses you.
You aren't carrying any potions.
You feel sick.
You feel sick.
You are no longer poisoned.
The adder bites you.
You die...

#.....##.##.
#.##.###†##. #.##.#
#.##. .....###.###
.....)##.# .. ..#.#.#
.. ...#######
#.#.#.#...
.........##.#...#.#...
......S@....#.#.......
.........####.#)#.#...
#...#g#####
#....†.#... #(..#.#
#.##.#.# ## #..g#)#
#.#..#.# .#...#.#
#.#.##.# .......#
##......# ##...###
#.......# #...######
#.##.##..


You could see an adder (weak-willed) and a goblin (weak-willed).

Vanquished Creatures
  A bullfrog skeleton (D:3)
  2 adders (D:2)
  A worm (D:2)
  2 dart slugs (D:1)
  7 orcs (D:3)
  7 bats
  3 giant cockroaches (D:1)
  3 goblins
  2 hobgoblins
  3 jackals (D:1)
  9 kobolds
  A quokka (D:3)
  6 ball pythons
  A frilled lizard (D:2)
  2 rats
50 creatures vanquished.

Notes
Turn   | Place    | Note
-------+----------+-------------------------------------------
     0 | D:1      | zeram the Kobold Enchanter began the quest for the Orb.
     0 | D:1      | Reached XP level 1. HP: 10/10 MP: 3/3
    74 | D:1      | Reached XP level 2. HP: 15/15 MP: 5/5
   235 | D:1      | Learned a level 2 spell: Ensorcelled Hibernation
   355 | D:1      | Reached skill level 5 in Stealth
   474 | D:1      | Reached XP level 3. HP: 10/19 MP: 1/6
   814 | D:1      | Found a faded altar of an unknown god.
  1307 | D:2      | Reached XP level 4. HP: 24/24 MP: 7/7
  1332 | D:2      | Reached skill level 6 in Stealth
  2340 | D:3      | Reached XP level 5. HP: 26/28 MP: 9/9
  2439 | D:3      | Noticed a phantom
  2525 | D:3      | Slain by an adder

Illustrated notes

Levels and vault maps discovered:
D:1:      minmay_arrival_cross, layout_loops_ring,
          hellmonk_ecumenical_altar_inner_sanctum
D:2:      layout_loops_ring
D:3:      layout_loops_cross, serial_shops, shop, nrook_mini_vaults

Skill      XL: |  1  2  3  4 |
---------------+-------------+-----
Stealth        | 5 6 |  6.5
Dodging        | 3 |  3.1
Short Blades   | |  1.3
Spellcasting   | |  2.8
Hexes          | |  3.0
Ice Magic      | |  0.8

Action                   |  1- 3 |  4- 6 || total
-------------------------+-------+-------++-------
Melee: Dagger            |    58 |   126 ||   184
 Cast: Ensorcelled Hiber |     6 |    13 ||    19
  Use: Scroll            |       |     3 ||     3
       Potion            |       |     1 ||     1
 Stab: Sleeping          |    19 |     8 ||    27
       Distracted        |       |     1 ||     1
Armor: Robe              |     6 |    20 ||    26
Dodge: Dodged            |    40 |    94 ||   134
